XFBL
DETROIT TIGERS @ MINNESOTA TWINS
07/17/1982
 
TOP OF THE 1ST
Detroit Tigers batting - Pitching for Minnesota Twins : LHP Mauricio Valdivia
Pitching: LHP Mauricio Valdivia
Batting: RHB Tack Wilson 0-0: Swinging Strike
0-1: Ground out 6-3 (Groundball, 6, EV 98.1 MPH)
Batting: SHB Tony Phillips 0-0: Foul Ball, location: 2F
0-1: Ball
1-1: Foul Ball, location: 2F
1-2: Foul Ball, location: 2F
1-2: Ball
2-2: Ball
3-2: Foul Ball, location: 2F
3-2: Foul Ball, location: 2F
3-2: Ground out 4-3 (Groundball, 4, EV 91.3 MPH)
Batting: LHB Jerry Tabb 0-0: Called Strike
0-1: Ball
1-1: Foul Ball, location: 2F
1-2: Ball
2-2: Ball
3-2: Foul Ball, location: 2F
3-2: Strikes out swinging
Top of the 1st over - 0 runs, 0 hits, 0 errors, 0 left on base; Detroit 0 - Minnesota 0
BOTTOM OF THE 1ST
Minnesota Twins batting - Pitching for Detroit Tigers : RHP Dennis Martinez
Pitching: RHP Dennis Martinez
Batting: RHB Lee Lacy 0-0: Called Strike
0-1: Foul Ball, location: 2F
0-2: Foul Ball, location: 2F
0-2: Ball
1-2: Fly out, F9 (Line Drive, 9LM, EV 87.5 MPH)
Batting: RHB Steve Brye 0-0: Called Strike
0-1: Foul Ball, location: 2F
0-2: Ball
1-2: Ball
2-2: Ball
3-2: SINGLE (Groundball, 6MD, EV 106.9 MPH)
Batting: RHB Matt Cooper 0-0: Called Strike
0-1: Called Strike
0-2: Ball
1-2: Ball
2-2: Ball
3-2: Foul Ball, location: 2F
3-2: Foul Ball, location: 2F
3-2: Foul Ball, location: 2F
3-2: Foul Ball, location: 2F
3-2: SINGLE (Groundball, 6MD, EV 95.0 MPH)
Steve Brye to second
Runner from 2nd tries for 3rd, SAFE, throw by CF made to third
Batting: RHB Randy Edwards 0-0: Called Strike
0-1: Fly out, F7 (Line Drive, 7, EV 83.1 MPH)
Runner from 3rd tags up, SCORES, no throw by LF
Batting: LHB Lloyd Moseby 0-0: Called Strike
0-1: Called Strike
0-2: Ball
1-2: Ball
2-2: Foul Ball, location: 2F
2-2: Ball
3-2: Base on Balls
Matt Cooper to second
Batting: RHB George Foster 0-0: Fly out, F6 (Line Drive, 6, EV 56.3 MPH)
Bottom of the 1st over - 1 run, 2 hits, 0 errors, 2 left on base; Detroit 0 - Minnesota 1
TOP OF THE 2ND
Detroit Tigers batting - Pitching for Minnesota Twins : LHP Mauricio Valdivia
Batting: RHB Dave Kingman 0-0: Ball
1-0: Ball
2-0: Ball
3-0: Called Strike
3-1: Called Strike
3-2: Strikes out swinging
Batting: SHB Lee Mazzilli 0-0: Ball
1-0: Ball
2-0: Called Strike
2-1: Ball
3-1: Base on Balls
Batting: RHB Keith Moreland 0-0: Ball
1-0: Called Strike
1-1: Ball
2-1: Foul Ball, location: 2F
2-2: Fly out, F4 (Popup, 4M, EV 70.6 MPH)
Batting: RHB Rusty Kuntz 0-0: Swinging Strike
0-1: Ball
Lee Mazzilli steals 2nd base
1-1: Ball
2-1: Foul Ball, location: 2F
2-2: Foul Ball, location: 2F
2-2: Strikes out looking
Top of the 2nd over - 0 runs, 0 hits, 0 errors, 1 left on base; Detroit 0 - Minnesota 1
BOTTOM OF THE 2ND
Minnesota Twins batting - Pitching for Detroit Tigers : RHP Dennis Martinez
Batting: RHB Chet Lemon 0-0: Foul Ball, location: 2F
0-1: Foul Ball, location: 2F
0-2: Ball
1-2: Ground out 4-3 (Groundball, 4M, EV 90.0 MPH)
Batting: RHB Brook Jacoby 0-0: DOUBLE (Line Drive, 89D, EV 108.8 MPH)
Batting: LHB Ken Oberkfell 0-0: Called Strike
0-1: Ground out 6-3 (Groundball, 6M, EV 85.6 MPH)
Brook Jacoby to third
Batting: RHB Lee Lacy 0-0: Ball
1-0: Swinging Strike
1-1: SINGLE (Groundball, 4MD, EV 101.3 MPH)
Brook Jacoby scores
Batting: RHB Steve Brye 0-0: Called Strike
0-1: Swinging Strike
0-2: Foul Ball, location: 2F
0-2: Ball
1-2: Ball
2-2: Foul Ball, location: 2F
2-2: Fielders Choice at 2nd, 6-4 (Groundball, 6, EV 109.4 MPH)
Bottom of the 2nd over - 1 run, 2 hits, 0 errors, 1 left on base; Detroit 0 - Minnesota 2
TOP OF THE 3RD
Detroit Tigers batting - Pitching for Minnesota Twins : LHP Mauricio Valdivia
Batting: RHB Al Cowens 0-0: Ball
1-0: Fly out, F6 (Flyball, 56D, EV 95.0 MPH)
Batting: RHB Jose Hidalgo 0-0: Called Strike
0-1: SINGLE (Groundball, 34D, EV 101.3 MPH)
Batting: RHB Tack Wilson 0-0: Ball
1-0: Called Strike
1-1: Ball
2-1: Swinging Strike
2-2: Grounds into double play, 4-6-3 (Groundball, 34, EV 89.4 MPH)
Top of the 3rd over - 0 runs, 1 hit, 0 errors, 0 left on base; Detroit 0 - Minnesota 2
BOTTOM OF THE 3RD
Minnesota Twins batting - Pitching for Detroit Tigers : RHP Dennis Martinez
Batting: RHB Matt Cooper 0-0: Ball
1-0: Called Strike
1-1: Fly out, F9 (Line Drive, 9, EV 101.3 MPH)
Batting: RHB Randy Edwards 0-0: Ball
1-0: Ball
2-0: Swinging Strike
2-1: Swinging Strike
2-2: Foul Ball, location: 2F
2-2: SINGLE (Line Drive, 7LS, EV 101.3 MPH)
Batting: LHB Lloyd Moseby 0-0: Ball
1-0: Foul Ball, location: 2F
1-1: Swinging Strike
1-2: Strikes out swinging
Batting: RHB George Foster 0-0: Ball
1-0: Foul Ball, location: 2F
1-1: SINGLE (Flyball, 3D, EV 92.5 MPH)
Randy Edwards to second
Runner from 2nd tries for 3rd, SAFE, no throw by RF
Batting: RHB Chet Lemon 0-0: Foul Ball, location: 2F
0-1: Ball
1-1: Swinging Strike
1-2: Ball
2-2: Ball
3-2: Foul Ball, location: 2F
3-2: Base on Balls
George Foster to second
Batting: RHB Brook Jacoby 0-0: Called Strike
0-1: Ball
1-1: Fly out, F8 (Flyball, 8RXD, EV 101.3 MPH)
Bottom of the 3rd over - 0 runs, 2 hits, 0 errors, 3 left on base; Detroit 0 - Minnesota 2
TOP OF THE 4TH
Detroit Tigers batting - Pitching for Minnesota Twins : LHP Mauricio Valdivia
Batting: SHB Tony Phillips 0-0: Ball
1-0: Ball
2-0: Swinging Strike
2-1: Foul Ball, location: 2F
2-2: Ball
3-2: Foul Ball, location: 2F
3-2: Foul Ball, location: 2F
3-2: SINGLE (Line Drive, 8LS, EV 104.4 MPH)
Batting: LHB Jerry Tabb 0-0: Ball
1-0: Swinging Strike
1-1: Foul Ball, location: 2F
1-2: SINGLE (Groundball, 56D, EV 95.6 MPH)
Tony Phillips to second
Batting: RHB Dave Kingman 0-0: Ball
1-0: Foul Ball, location: 2F
1-1: Fly out, F2 (Popup, 23F, EV 93.8 MPH)
Batting: SHB Lee Mazzilli 0-0: Ball
1-0: Foul Ball, location: 2F
1-1: Foul Ball, location: 2F
1-2: SINGLE (Groundball, 6MD, EV 97.5 MPH)
Tony Phillips to third
Jerry Tabb to second
Runner from 3rd tries for Home, SAFE, throw by CF to home
Batting: RHB Keith Moreland 0-0: Foul Ball, location: 2F
0-1: Ball
1-1: SINGLE (Groundball, 5S, EV 68.8 MPH) (infield hit)
Jerry Tabb to third
Lee Mazzilli to second
Batting: RHB Rusty Kuntz 0-0: Foul Ball, location: 2F
0-1: Ball
1-1: Grounds into fielders choice 1-2 (Groundball, 13S, EV 70.0 MPH)
Lee Mazzilli to third
Keith Moreland to second
Batting: RHB Al Cowens 0-0: Fly out, F9 (Line Drive, 9, EV 91.3 MPH)
Top of the 4th over - 1 run, 4 hits, 0 errors, 3 left on base; Detroit 1 - Minnesota 2
BOTTOM OF THE 4TH
Minnesota Twins batting - Pitching for Detroit Tigers : RHP Dennis Martinez
Batting: LHB Ken Oberkfell 0-0: Called Strike
0-1: Foul Ball, location: 2F
0-2: Ball
1-2: Foul Ball, location: 2F
1-2: Ball
2-2: Fly out, F1 (Line Drive, P, EV 76.9 MPH)
Batting: RHB Lee Lacy 0-0: Foul Ball, location: 2F
0-1: Ball
1-1: Foul Ball, location: 2F
1-2: Fly out, F9 (Line Drive, 9, EV 93.8 MPH)
Batting: RHB Steve Brye 0-0: Ball
1-0: Ball
2-0: Called Strike
2-1: Ground out 5-3 (Groundball, 56, EV 86.3 MPH)
Bottom of the 4th over - 0 runs, 0 hits, 0 errors, 0 left on base; Detroit 1 - Minnesota 2
TOP OF THE 5TH
Detroit Tigers batting - Pitching for Minnesota Twins : LHP Mauricio Valdivia
Batting: RHB Jose Hidalgo 0-0: Swinging Strike
0-1: Ball
1-1: Swinging Strike
1-2: Foul Ball, location: 2F
1-2: Ball
2-2: Ball
3-2: Strikes out swinging
Batting: RHB Tack Wilson 0-0: Ball
1-0: Foul Ball, location: 2F
1-1: Foul Ball, location: 2F
1-2: Foul Ball, location: 2F
1-2: Ball
2-2: Ball
3-2: SINGLE (Flyball, 78S, EV 90.6 MPH)
Batting: SHB Tony Phillips 0-0: Ball
1-0: Ball
2-0: SINGLE (Line Drive, 34, EV 105.6 MPH)
Tack Wilson to second
Batting: LHB Jerry Tabb 0-0: Called Strike
Tack Wilson steals 3rd base
0-1: Ball
1-1: Called Strike
1-2: Fly out, F9 (Flyball, 9S, EV 74.4 MPH)
Runner from 3rd tags up, SCORES, throw by RF
Batting: RHB Dave Kingman 0-0: Called Strike
0-1: Ball
1-1: Ball
2-1: SINGLE (Line Drive, 8RS, EV 106.9 MPH)
Tony Phillips to second
Runner from 2nd tries for 3rd, SAFE, no throw by CF
Pitching: LHP Tom Hall
Batting: SHB Lee Mazzilli 0-0: Foul Ball, location: 2F
0-1: Swinging Strike
0-2: Foul Ball, location: 2F
0-2: Foul Ball, location: 2F
0-2: Ground out 5-3 (Groundball, 56S, EV 94.4 MPH)
Top of the 5th over - 1 run, 3 hits, 0 errors, 2 left on base; Detroit 2 - Minnesota 2
BOTTOM OF THE 5TH
Minnesota Twins batting - Pitching for Detroit Tigers : RHP Dennis Martinez
Batting: RHB Matt Cooper 0-0: Ball
1-0: SINGLE (Groundball, 56D, EV 105.6 MPH)
Batting: RHB Randy Edwards 0-0: Called Strike
0-1: Called Strike
0-2: Ball
1-2: Foul Ball, location: 2F
1-2: Fielders Choice at 2nd, 4-6 (Groundball, 4M, EV 94.4 MPH)
Batting: LHB Lloyd Moseby 0-0: Ball
1-0: Ball
2-0: Called Strike
2-1: Foul Ball, location: 2F
2-2: Ball
3-2: DOUBLE (Line Drive, 5D, EV 95.0 MPH)
Randy Edwards to third
Runner from 3rd tries for Home, SAFE, no throw by LF
Batting: RHB George Foster 0-0: Ball
1-0: Called Strike
Lloyd Moseby steals 3rd base
1-1: Foul Ball, location: 2F
1-2: Strikes out looking
Batting: RHB Chet Lemon 0-0: Called Strike
0-1: Fly out, F6 (Flyball, 56D, EV 76.3 MPH)
Bottom of the 5th over - 1 run, 2 hits, 0 errors, 1 left on base; Detroit 2 - Minnesota 3
TOP OF THE 6TH
Detroit Tigers batting - Pitching for Minnesota Twins : LHP Tom Hall
Batting: RHB Keith Moreland 0-0: Fly out, F7 (Flyball, 7LD, EV 102.5 MPH)
Batting: RHB Rusty Kuntz 0-0: Called Strike
0-1: Foul Ball, location: 2F
0-2: Strikes out looking
Batting: RHB Al Cowens 0-0: Called Strike
0-1: Ball
1-1: Swinging Strike
1-2: Foul Ball, location: 2F
1-2: Ball
2-2: Fly out, F8 (Flyball, 8RD, EV 95.6 MPH)
Top of the 6th over - 0 runs, 0 hits, 0 errors, 0 left on base; Detroit 2 - Minnesota 3
BOTTOM OF THE 6TH
Minnesota Twins batting - Pitching for Detroit Tigers : RHP Dennis Martinez
Batting: RHB Brook Jacoby 0-0: Swinging Strike
0-1: Ball
1-1: Called Strike
1-2: Ground out U3 (Groundball, 13, EV 86.9 MPH)
Batting: LHB Ken Oberkfell 0-0: Foul Ball, location: 2F
0-1: Ground out U3 (Groundball, 3, EV 86.9 MPH)
Batting: RHB Lee Lacy 0-0: Fly out, F1 (Line Drive, P, EV 66.3 MPH)
Bottom of the 6th over - 0 runs, 0 hits, 0 errors, 0 left on base; Detroit 2 - Minnesota 3
TOP OF THE 7TH
Detroit Tigers batting - Pitching for Minnesota Twins : LHP Tom Hall
Batting: RHB Jose Hidalgo 0-0: Foul Ball, location: 2F
0-1: Foul Ball, location: 2F
0-2: Strikes out looking
Batting: RHB Tack Wilson 0-0: Foul Ball, location: 2F
0-1: Called Strike
0-2: Foul Ball, location: 2F
0-2: Strikes out swinging
Batting: SHB Tony Phillips 0-0: Called Strike
0-1: Foul Ball, location: 2F
0-2: Fly out, F8 (Flyball, 8LD, EV 86.3 MPH)
Top of the 7th over - 0 runs, 0 hits, 0 errors, 0 left on base; Detroit 2 - Minnesota 3
BOTTOM OF THE 7TH
Minnesota Twins batting - Pitching for Detroit Tigers : RHP Dennis Martinez
Batting: RHB Steve Brye 0-0: Ball
1-0: Ball
2-0: Ball
3-0: Base on Balls
Batting: RHB Matt Cooper 0-0: Ball
Steve Brye steals 2nd base
1-0: Called Strike
1-1: Foul Ball, location: 2F
1-2: SINGLE (Groundball, 56D, EV 100.0 MPH)
Steve Brye to third
Runner from 3rd tries for Home, SAFE, throw by LF to home
Matt Cooper to second
Batting: RHB Randy Edwards 0-0: Ball
1-0: Foul Ball, location: 2F
1-1: Called Strike
1-2: Foul Ball, location: 2F
1-2: Fly out, F8 (Line Drive, 8RM, EV 91.3 MPH)
Batting: LHB Lloyd Moseby 0-0: Intentional Walk
Batting: RHB George Foster 0-0: Called Strike
0-1: Ball
1-1: Foul Ball, location: 2F
1-2: Strikes out swinging
Batting: RHB Chet Lemon 0-0: Foul Ball, location: 2F
0-1: Ball
1-1: Ball
2-1: Fielders Choice at 2nd, 6-4 (Groundball, 6, EV 81.3 MPH)
Bottom of the 7th over - 1 run, 1 hit, 0 errors, 2 left on base; Detroit 2 - Minnesota 4
TOP OF THE 8TH
Detroit Tigers batting - Pitching for Minnesota Twins : LHP Tom Hall
Now at C: Tom Brown
Batting: LHB Jerry Tabb 0-0: Ball
1-0: Ball
2-0: Fly out, F9 (Flyball, 89S, EV 84.4 MPH)
Batting: RHB Dave Kingman 0-0: Ball
1-0: Ball
2-0: Swinging Strike
2-1: Foul Ball, location: 2F
2-2: Strikes out swinging
Batting: SHB Lee Mazzilli 0-0: Foul Ball, location: 2F
0-1: Foul Ball, location: 2F
0-2: Ball
1-2: Foul Ball, location: 2F
1-2: Strikes out looking
Top of the 8th over - 0 runs, 0 hits, 0 errors, 0 left on base; Detroit 2 - Minnesota 4
BOTTOM OF THE 8TH
Minnesota Twins batting - Pitching for Detroit Tigers : RHP Dennis Martinez
Batting: RHB Brook Jacoby 0-0: Fly out, F8 (Flyball, 8LD, EV 105.6 MPH)
Batting: LHB Ken Oberkfell 0-0: Called Strike
0-1: Ball
1-1: Ball
2-1: SINGLE (Groundball, 6D, EV 98.1 MPH)
Batting: RHB Lee Lacy 0-0: Fielders Choice at 2nd, 6-4 (Groundball, 6, EV 100.0 MPH)
Batting: RHB Steve Brye 0-0: Ball
1-0: Ball
2-0: Foul Ball, location: 2F
2-1: Foul Ball, location: 2F
2-2: Fly out, F7 (Flyball, 7LM, EV 97.5 MPH)
Bottom of the 8th over - 0 runs, 1 hit, 0 errors, 1 left on base; Detroit 2 - Minnesota 4
TOP OF THE 9TH
Detroit Tigers batting - Pitching for Minnesota Twins : LHP Tom Hall
Now at 2B: Taylor Duncan
Batting: RHB Keith Moreland 0-0: Called Strike
0-1: Ball
1-1: Swinging Strike
1-2: Strikes out swinging
Batting: RHB Rusty Kuntz 0-0: Ball
1-0: Ball
2-0: Called Strike
2-1: Foul Ball, location: 2F
2-2: Foul Ball, location: 2F
2-2: Ball
3-2: Base on Balls
Pitching: RHP Stephen Fuller
Pinch Hitting: LHB Dan Graham 0-0: Ball
1-0: Called Strike
1-1: Foul Ball, location: 2F
1-2: Ball
2-2: Ball
3-2: Foul Ball, location: 2F
3-2: Strikes out swinging
Rusty Kuntz steals 2nd base
Batter strikes out.
Batting: RHB Jose Hidalgo 0-0: Ball
1-0: Called Strike
1-1: Ball
2-1: Called Strike
2-2: Ground out U3 (Groundball, 34S, EV 83.8 MPH)
Top of the 9th over - 0 runs, 0 hits, 0 errors, 1 left on base; Detroit 2 - Minnesota 4
Friday, August 14th, 2020 - OOTP Baseball 21.5 Build 76